 Dungeon Crawl Stone Soup version 0.31-a0-968-g24f9ace8b5 (webtiles) character file.

Game seed: 7147713186672226939

34 LeprechaunX the Changeling (level 3, -7/24 HPs)
             Began as an Octopode Shapeshifter on Oct 27, 2023.
             Mangled by a gnoll
             ... wielding a +0 halberd
              (10 damage)
             ... on level 2 of the Dungeon.
             The game lasted 00:00:58 (1087 turns).

LeprechaunX the Changeling (Octopode Shapeshifter)  Turns: 1087, Time: 00:00:58

Health: -7/24      AC:  1    Str: 13    XL:     3   Next: 31%
Magic:  3/3        EV: 13    Int: 12    God:
Gold:   52         SH:  0    Dex: 13    Spells: 2/2 levels left

rFire   . .          .
                       - Unarmed
rCold   . . .        (no shield)
rNeg    . . .        (helmet currently unavailable)
rPois   .            (no amulet)
rElec   .            (no ring)
rCorr   .            (no ring)
SInv    .            (no ring)
Will    .....        (no ring)
Stlth   ++           (no ring)
HPRegen 0.24/turn    (no ring)
MPRegen 0.08/turn    (no ring)
                     (no ring)

%: no passive effects
@: beast-form
A: beast (slay +2), almost no armour, amphibious, 8 rings, camouflage 1,
gelatinous body 1, (nimble swimmer 1), tentacles
a: Begin Untransformation


You were on level 2 of the Dungeon.
You were a hulking beast.
You visited 1 branch of the dungeon, and saw 2 of its levels.

You collected 52 gold pieces.

Inventory:

Missiles
 h - 3 atropa-tipped darts (quivered)
Talismans
 b - a beast talisman
 c - a flux talisman
Scrolls
 d - a scroll of identify {unknown}
 g - a scroll of enchant armour {unknown}
 i - a scroll of brand weapon {unknown}
 j - a scroll of amnesia {unknown}
Potions
 a - a potion of lignification
 e - a potion of attraction {unknown}
 f - a potion of cancellation {unknown}


   Skills:
 + Level 1.6 Fighting
 - Level 2.0 Dodging
 + Level 3.3 Unarmed Combat
 * Level 3.6 Shapeshifting


You had 2 spell levels left.
You didn't know any spells.
Your spell library contained the following spells:

 Spells                   Type           Power      Damage    Failure   Level
 Slow                     Hex            0%         N/A       32%         1
 Confusing Touch          Hex            0%         N/A       69%         3
 Sigil of Binding         Hex            0%         N/A       69%         3
 Vampiric Draining        Necr           0%         2d6       69%         3


Dungeon Overview and Level Annotations

Branches:
Dungeon (2/15)

Altars:


Innate Abilities, Weirdness & Mutations

You are a hulking beast.
Your limbs bulge with bestial killing power. (Slay +2)
You cannot wear most types of armour.
You are amphibious.
You can wear up to eight rings at the same time.
Your skin changes colour to match your surroundings (Stealth+).
Your rubbery body absorbs attacks. (AC +1, EV +1)
((You are camouflaged when in or above water. (Stealth+)))
You have tentacles for arms and can constrict up to eight enemies at once.


Message History

You throw an atropa-tipped dart. The atropa-tipped dart hits the gnoll.
The gnoll appears confused.
The gnoll shouts!
The gnoll seems less confused.
A gnoll comes into view. It is wielding a +0 club.
A gnoll comes into view. It is wielding a +0 halberd.
Found a stone staircase leading up.
The gnoll shouts!
The gnoll hits you with a +0 club.
You barely miss the gnoll. Your grab misses the gnoll.
The gnoll hits you with a +0 club.
You tentacle-slap the gnoll. You grab the gnoll.
The gnoll is moderately wounded.
You constrict the gnoll, but do no damage.
The gnoll closely misses you.
You barely miss the gnoll.
The gnoll is moderately wounded.
You constrict the gnoll. The gnoll closely misses you.
The gnoll shouts!
You tentacle-slap the gnoll.
The gnoll is severely wounded.
You constrict the gnoll. You tentacle-slap the gnoll.
The gnoll is severely wounded.
You constrict the gnoll. The gnoll closely misses you.
The gnoll hits you from afar with a +0 halberd!
* * * LOW HITPOINT WARNING * * *
You tentacle-slap the gnoll.
You kill the gnoll!
The gnoll barely misses you.
Unknown command.
Things that are here:
a +0 club; a gnoll corpse The gnoll misses you.
You closely miss the gnoll. You grab the gnoll. You constrict the gnoll.
The gnoll barely misses you.
You tentacle-slap the gnoll but do no damage.
You squeeze the gnoll, but do no damage.
You constrict the gnoll. The gnoll hits you with a +0 halberd!
You die...

##.#.......# ##.# #..
#.#.......# #.# ##.
##.#.......####.####.
#..##.###............
#.###.# #.#####.#####
#.# #.###.# #.# #.#
#.....# #.#
#.###.###...# #.#
#......)hg..# #.#
#####.####..?<... ...
#.# ..##### #.# #.#
..# ... #.# ..# g..
g.. g.. .... g. ####


You could see a gnoll.

Vanquished Creatures
  A gnoll (D:2)
  A dart slug (D:1)
  A ball python (D:1)
  An endoplasm (D:1)
  2 giant cockroaches (D:1)
  A hobgoblin (D:1)
  4 quokkas
  A bat (D:2)
  3 goblins
  7 rats (D:1)
22 creatures vanquished.

Notes
Turn   | Place    | Note
-------+----------+-------------------------------------------
     0 | D:1      | LeprechaunX the Octopode Shapeshifter began the quest for
                  | the Orb.
     0 | D:1      | Reached XP level 1. HP: 13/13 MP: 1/1
   282 | D:1      | Reached XP level 2. HP: 17/18 MP: 2/2
  1036 | D:2      | Reached XP level 3. HP: 22/23 MP: 3/3
  1087 | D:2      | Mangled by a gnoll

Illustrated notes

Levels and vault maps discovered:
D:1:      minmay_arrival_solitary_statue, layout_loops_corners, st_stairs_10,
          minmay_misc_feat_tiny
D:2:      layout_loops_ring, basic_altar, uniq_jessica, uniq_robin,
          uniq_crazy_yiuf_cottage

Action                     || total
---------------------------++-------
  Melee: Unarmed           ||    60
         Constrict         ||    13
         Tentacles         ||     5
         Punch             ||     2
  Throw: Dart              ||     1
   Stab: Sleeping          ||     5
 Armour: Skin              ||    25
  Dodge: Dodged            ||    25

Table legend: (Time is in decaauts)
 A = Elapsed time spent in this place.
 B = Non-inter-level travel time spent in this place.
 C = Inter-level travel time spent in this place.
 D = Time resting spent in this place.
 E = Time spent auto-exploring this place.
 F = Levels seen in this place.
 G = Mean time per level.
                   A        B        C        D        E       F      G
               +--------+--------+--------+--------+--------+-----+--------+
         Total |   1083 |    989 |     94 |      0 |    814 |   2 |  541.5 |
       Dungeon |   1083 |    989 |     94 |      0 |    814 |   2 |  541.5 |
               +--------+--------+--------+--------+--------+-----+--------+

Top non-repeatable levels by time:
     D:1: 952 daAuts
     D:2: 131 daAuts
